 Dungeon Crawl Stone Soup version 0.22-a0-608-g8a62e23 (webtiles) character file.

845 sking99 the Insei (level 7, -5/60 HPs)
             Began as a Pale Draconian Transmuter on July 9, 2018.
             Killed from afar by Pikel (32 damage)
             ... with an exploding inner flame
             ... hexed by the player character
             ... on level 6 of the Dungeon.
             The game lasted 00:12:39 (6525 turns).

sking99 the Insei (Pale Draconian Transmuter)       Turns: 6525, Time: 00:12:40

Health: -5/60      AC:  7    Str: 12    XL:     7   Next: 68%
Magic:  8/10       EV: 12    Int: 15    God:
Gold:   288        SH:  0    Dex: 12    Spells: 7/10 levels left

rFire    . . .     SeeInvis .     - Unarmed
rCold    . . .     Gourm    .   (no shield)
rNeg     . . .     Faith    .   (armour unavailable)
rPois    .         Spirit   .   (helmet restricted)
rElec    .         Reflect  .   e - +0 cloak
rCorr    .         Harm     .   (no gloves)
MR       .....                  (no boots)
Stlth    +.........             (no amulet)
HPRegen  0.20/turn              (no ring)
MPRegen  0.12/turn              (no ring)

@: short of breath
A: breathe steam, unfitting armour, cold-blooded, AC +6
a: Breathe Steam


You were on level 6 of the Dungeon.
You were hungry.

You visited 1 branch of the dungeon, and saw 6 of its levels.

You collected 288 gold pieces.

Inventory:

Missiles
 a - 48 arrows
 f - 3 throwing nets (quivered)
Armour
 e - a +0 cloak (worn)
Magical Staves
 g - an uncursed staff of energy
Scrolls
 b - 3 scrolls of teleportation
 d - 2 scrolls of identify
 m - a scroll of remove curse
Potions
 h - a potion of curing
 i - a potion of heal wounds
 k - a potion of invisibility
Comestibles
 c - 2 rations


   Skills:
 + Level 4.7 Fighting
 - Level 1.7 Dodging
 * Level 6.8 Unarmed Combat
 - Level 2.0 Spellcasting
 + Level 4.7 Transmutations


You had 7 spell levels left.
You knew the following spells:

 Your Spells              Type           Power        Failure   Level  Hunger
a - Beastly Appendage     Tmut           ###...       3%          1    #......
b - Sticks to Snakes      Tmut           ###.....     4%          2    ###....

Your spell library contained the following spells:

 Spells                   Type           Power        Failure   Level  Hunger
 Confuse                  Hex            #.......     54%         3    ###....
 Spider Form              Tmut/Pois      #.........   26%         3    ###....
 Blade Hands              Tmut           ###.......   65%         5    ######.
 Ice Form                 Ice/Tmut       #.......     63%         4    #####..
 Confusing Touch          Hex            #.....       22%         1    #......
 Metabolic Englaciation   Hex/Ice        #.........   99%         5    ######.
 Petrify                  Tmut/Erth      #.......     63%         4    #####..
 Gell's Gravitas          Tloc           #.........   54%         3    ###....
 Yara's Violent Unravell  Hex/Tmut       #.........   93%         5    ######.


Dungeon Overview and Level Annotations

Branches:
Dungeon (6/15)
 Temple: D:4-7

Altars:
Ashenzari
The Shining One


Innate Abilities, Weirdness & Mutations

You can breathe blasts of scalding, opaque steam.
Your pale cyan-grey scales are hard. (AC +6)
You cannot fit into any form of body armour.
You are cold-blooded and may be slowed by cold attacks.


Message History

Aim: Pikel, wielding a whip of freezing and wearing a robe (heavily wounded, inner flame)
You exhale a blast of scalding steam.
The ball of steam hits Pikel.
Pikel is heavily wounded.
You feel somewhat more hungry.
Pikel is engulfed in a cloud of scalding steam.
Pikel barely misses you.
You closely miss Pikel.
Your tail-slap misses Pikel.
Pikel is severely wounded.
Pikel is engulfed in a cloud of scalding steam.
Pikel hits you with a whip of freezing! Pikel freezes you.
The slave misses you.
You hit Pikel.
Pikel is almost dead.
Pikel is engulfed in a cloud of scalding steam.
Pikel explodes!
The fiery explosion engulfs the slave.
You kill the slave!
That felt strangely unrewarding.
The fiery explosion engulfs you!
Ouch! That really hurt!
You die...

## . #.
#####.##########
..!....@p....$..
#.....ยงยงยง.....##
#####.##........ #.
#.####### # #.# #[#
#.# #.# #p#


You could see a slave.

Vanquished Creatures
  3 slaves (D:6)
  An ogre (D:5)
  A scorpion (D:4)
  A howler monkey (D:5)
  3 hounds
  6 orc wizards
  3 orc priests
  A centaur skeleton (D:5)
  An iguana (D:5)
  Robin (D:2)
  3 adders
  A shadow imp (D:5)
  An ooze (D:1)
  2 adder zombies
  2 adder skeletons (D:2)
  3 worms
  A dart slug (D:1)
  6 leopard geckos
  15 orcs
  A ball python (D:2)
  2 bat skeletons (D:2)
  A bat zombie (D:2)
  5 giant cockroaches
  17 goblins
  11 hobgoblins
  6 jackals
  6 kobolds
  A quokka (D:2)
  4 bats
  6 frilled lizards
  2 giant cockroach zombies (D:2)
  A jackal zombie (D:2)
  2 leopard gecko skeletons
  A leopard gecko zombie (D:2)
  4 rats
125 creatures vanquished.

Vanquished Creatures (collateral kills)
  An ogre (D:5)
  Crazy Yiuf (D:2)
  Natasha (D:2)
3 creatures vanquished.

Grand Total: 128 creatures vanquished

Notes
Turn   | Place    | Note
-------+----------+-------------------------------------------
     0 | D:1      | sking99 the Draconian Transmuter began the quest for the Orb.
     0 | D:1      | Reached XP level 1. HP: 16/16 MP: 3/3
   300 | D:1      | Reached XP level 2. HP: 23/23 MP: 5/5
   308 | D:1      | Learned a level 2 spell: Sticks to Snakes
   834 | D:1      | Reached XP level 3. HP: 29/29 MP: 6/6
  1205 | D:2      | Reached skill level 4 in Unarmed Combat
  1210 | D:2      | Reached XP level 4. HP: 26/36 MP: 7/7
  1439 | D:2      | Noticed Robin
  1674 | D:2      | Killed Robin
  2011 | D:2      | Found a runed door.
  2111 | D:2      | Noticed Natasha
  2125 | D:2      | Killed Natasha
  2125 | D:2      | Reached XP level 5. HP: 28/44 MP: 5/8
  2274 | D:2      | Noticed Crazy Yiuf
  2283 | D:2      | Killed Crazy Yiuf
  3575 | D:4      | Reached skill level 5 in Unarmed Combat
  3637 | D:4      | Reached XP level 6. HP: 34/51 MP: 9/9
  4996 | D:4      | Reached skill level 6 in Unarmed Combat
  5008 | D:4      | Your scales start taking on a pale cyan-grey colour.
  5008 | D:4      | Reached XP level 7. HP: 25/59 MP: 7/10
  5233 | D:4      | Found a shattered altar of Ashenzari.
  5233 | D:4      | Found a glowing golden altar of the Shining One.
  5395 | D:5      | Entered Level 5 of the Dungeon
  6497 | D:6      | Noticed Pikel
  6525 | D:6      | Killed Pikel
  6525 | D:6      | Killed from afar by Pikel

Vault maps used:
D:1:      lemuel_arrival_behind_the_door_small, minmay_tromino_mix6
D:2:      cheibrodos_helix_gallery, first_ration, serial_undead,
          serial_undead_c, serial_undead_f, serial_undead_c, serial_undead_a,
          serial_undead_a, serial_undead_b, serial_undead_f,
          uniq_crazy_yiuf_cottage, uniq_robin, uniq_natasha
D:3:      minmay_door_path, serial_corexii_hall, corexii_hall_statues_l,
          corexii_hall_statues_i
D:4:      gammafunk_temple_overflow_wave
D:6:      minmay_temple_entry_mist, supply_closet_lemuel, uniq_pikel,
          uniq_sigmund

Skill      XL: |  1  2  3  4  5  6 |
---------------+-------------------+-----
Fighting       | 2 3 4 |  4.7
Unarmed Combat | 4 5 6 |  6.8
Transmutations | 3 4 |  4.7
Dodging        | |  1.7
Spellcasting   | |  2.0

Action                   |  1- 3 |  4- 6 |  7- 9 || total
-------------------------+-------+-------+-------++-------
Melee: Unarmed           |   148 |   355 |    92 ||   595
       Tailslap          |    15 |    28 |     9 ||    52
       Kick              |     1 |    11 |       ||    12
       Punch             |     1 |     3 |     3 ||     7
 Cast: Beastly Appendage |     1 |     3 |       ||     4
       Sticks to Snakes  |       |     5 |     7 ||    12
 Abil: Breathe Steam     |       |       |     5 ||     5
  Use: Potion            |       |     7 |       ||     7
       Scroll            |       |    11 |     2 ||    13
 Stab: Sleeping          |     1 |       |       ||     1
       Invisible         |       |     2 |       ||     2
       Distracted        |       |     1 |       ||     1
  Eat: Chunk             |     1 |     5 |     3 ||     9
       Ration            |       |     2 |     1 ||     3
Armor: Skin              |    60 |    93 |    14 ||   167
Dodge: Dodged            |   115 |   201 |    52 ||   368

Table legend:
 A = Spawn XP
 B = Non-spawn XP
 C = Spawn XP percentage of total XP
 D = Spawn monster count
 E = Non-spawn monster count
 F = Spawn count percentage of total count
 G = Total turns spent on level
                    A         B        C        D         E        F      G
               +---------+---------+-------+---------+---------+-------+---------
         Total |       0 |    1208 |   0.0 |       0 |     125 |   0.0 |  6525
               +---------+---------+-------+---------+---------+-------+---------
           D:1 |       0 |      62 |   0.0 |       0 |      30 |   0.0 |  1243
           D:2 |       0 |     170 |   0.0 |       0 |      42 |   0.0 |  1353
           D:3 |       0 |     186 |   0.0 |       0 |      15 |   0.0 |  1814
           D:4 |       0 |     347 |   0.0 |       0 |      22 |   0.0 |   985
           D:5 |       0 |     443 |   0.0 |       0 |      16 |   0.0 |  1102
               +---------+---------+-------+---------+---------+-------+---------
